 Dungeon Crawl Stone Soup version 0.17-a0-1831-gaadb308 (webtiles) character file.

463 luca467 the Grave Robber (level 6, 0/41 HPs)
             Began as a Mummy Necromancer on Sept 14, 2015.
             Slain by a wight
             ... wielding a +0 war axe
              (9 damage)
             ... on level 6 of the Dungeon.
             The game lasted 00:25:12 (3365 turns).

luca467 the Grave Robber (Mummy Necromancer)        Turns: 3365, Time: 00:25:13

Health: 0/41       AC:  7    Str: 12    XL:     6   Next: 79%
Magic:  12/12      EV: 13    Int: 16    God:
Gold:   156        SH:  0    Dex: 12    Spells: 5 memorised, 1 level left

rFire  x . .     SeeInvis .     k - +2 short sword (flame)
rCold  + . .     Clarity  .     a - +1 robe
rNeg   + + +     SustAt   .     (no shield)
rPois  ∞         Gourm    .     (no helmet)
rElec  .         Spirit   .     (no cloak)
rCorr  .         Warding  .     (no gloves)
rMut   .         Stasis   .     m - +0 pair of boots
MR     +....                    (no amulet)
Stlth  ++........               j - ring of protection from magic
                                c - +3 ring of protection (curse)

@: somewhat resistant to hostile enchantments, unstealthy
A: no food or potions, fire vulnerability, cold resistance 1, negative energy
resistance 3, torment resistance, unbreathing
a: no special abilities


You were on level 6 of the Dungeon.
You were not hungry.

You visited 1 branch of the dungeon, and saw 5 of its levels.

You collected 156 gold pieces.

Inventory:

Hand weapons
 d - a +0 club
 h - a +2 dagger
 k - a +2 short sword of flaming (weapon)
Armour
 a - a +1 robe (worn)
 m - a +0 pair of boots (worn)
Jewellery
 c - a cursed +3 ring of protection (left hand)
 j - a ring of protection from magic (right hand)
Magical devices
 f - a wand of frost (46)
Scrolls
 e - 2 scrolls of identify
 g - 2 scrolls of recharging
 i - a scroll of teleportation
 l - a scroll of magic mapping {unknown}
Books
 b - a book of Necromancy

   Spells                             Type                      Level
   a - Pain                           Necromancy                   1
   b - Animate Skeleton               Necromancy                   1
   c - Vampiric Draining              Necromancy                   3
   d - Regeneration                   Charms/Necromancy            3
   e - Animate Dead                   Necromancy                   4
   f - Control Undead                 Necromancy                   4
 n - a book of Changes

   Spells                             Type                      Level
   a - Beastly Appendage              Transmutation                1
   b - Sticks to Snakes               Transmutation                2
   c - Spider Form                    Transmutation/Poison         3
   d - Ice Form                       Ice/Transmutation            4
   e - Blade Hands                    Transmutation                5


   Skills:
 + Level 2.9 Dodging
 + Level 3.0 Stealth
 * Level 4.6 Spellcasting
 + Level 5.2 Necromancy


You had one spell level left.
You knew the following spells:

 Your Spells              Type           Power        Failure   Level  Hunger
a - Pain                  Necr           ###.         1%          1    N/A
b - Animate Skeleton      Necr           N/A          1%          1    N/A
c - Vampiric Draining     Necr           ###.......   8%          3    N/A
d - Control Undead        Necr           ###.......   21%         4    N/A
e - Animate Dead          Necr           N/A          21%         4    N/A

Dungeon Overview and Level Annotations

Branches:
Dungeon (6/15)
 Temple: D:4-7

Altars:
Dithmenos
Gozag
Nemelex Xobeh
Qazlal
Vehumet

Annotations:
D:4 Dowan


Innate Abilities, Weirdness & Mutations

You do not eat or drink.
Your flesh is vulnerable to fire.
You are immune to poison.
Your flesh is cold resistant.
You are immune to negative energy.
You are immune to unholy pain and torment.
You can survive without breathing.


Message History

The giant frog hits you but does no damage.
You hit the giant frog. You burn the giant frog.
The giant frog is heavily wounded.
The giant frog misses you. The giant frog hits you.
You hit the giant frog. You burn the giant frog.
The giant frog is heavily wounded.
The giant frog hits you! The giant frog barely misses you.
You hit the giant frog. You burn the giant frog.
The giant frog is almost dead.
The giant frog hits you.
* * * LOW HITPOINT WARNING * * *
You hit the giant frog. You burn the giant frog.
You kill the giant frog!
Your Stealth skill increases to level 3!
You hit the wight but do no damage.
You hear the rusting of a distant drain.
The wight misses you.
You barely miss the wight. The wight barely misses you.
You closely miss the wight. The wight hits you with a war axe!
You die...

#.# #.# #.#
#.# #.# #.#
###.######.#
#..........#
#.##########
#.# #z# #@#
#.# #.# #.#
..# ..# .##
##


You could see a wight.

Vanquished Creatures
  Grinder (D:3)
  Duvessa (D:4)
  A giant frog (D:6)
  A hound (D:4)
  4 adders
  2 worms
  2 giant geckos (D:2)
  2 orcs (D:3)
  3 ball pythons
  3 giant cockroaches
  2 goblins (D:3)
  8 hobgoblins
  3 quokkas
  6 bats
  3 giant newts
  10 kobolds
  5 rats
57 creatures vanquished.

Vanquished Creatures (collateral kills)
  An adder (D:3)
  An ooze (D:1)
2 creatures vanquished.

Grand Total: 59 creatures vanquished

Notes
Turn   | Place    | Note
--------------------------------------------------------------
     0 | D:1      | luca467 the Mummy Necromancer began the quest for the Orb.
     0 | D:1      | Reached XP level 1. HP: 13/13 MP: 3/3
   100 | D:1      | Learned a level 1 spell: Animate Skeleton
   161 | D:1      | Reached XP level 2. HP: 14/19 MP: 0/5
   961 | D:2      | Reached XP level 3. HP: 24/24 MP: 3/6
  1731 | D:3      | Noticed Grinder
  1732 | D:3      | Paralysed by Grinder for 3 turns
  1824 | D:3      | Reached XP level 4. HP: 28/30 MP: 4/8
  1881 | D:3      | Learned a level 3 spell: Vampiric Draining
  1886 | D:3      | Learned a level 4 spell: Control Undead
  1898 | D:3      | Found a radiant altar of Vehumet.
  1898 | D:3      | Found a stormy altar of Qazlal.
  1899 | D:3      | Found a shadowy altar of Dithmenos.
  1967 | D:3      | Found an opulent altar of Gozag.
  2005 | D:3      | Found a sparkling altar of Nemelex Xobeh.
  2503 | D:3      | Killed Grinder
  2503 | D:3      | Reached XP level 5. HP: 9/35 MP: 8/11
  2503 | D:3      | Reached XP level 6. HP: 10/41 MP: 8/12
  2828 | D:3      | Learned a level 4 spell: Animate Dead
  2908 | D:3      | Reached skill level 5 in Necromancy
  3015 | D:4      | Noticed Dowan
  3031 | D:4      | Noticed Duvessa
  3052 | D:4      | Killed Duvessa
  3060 | D:4      | You fall through a shaft for 2 floors!
  3365 | D:6      | Slain by a wight

Vault maps used:
D:1:      dpeg_arrival_ternary
D:2:      kennysheep_potato
D:3:      nicolae_gozag_seed_capital, gammafunk_temple_overflow_claw,
          nemelex_lonely_heart_becter, uniq_grinder
D:4:      overflow_temple_1_default, first_bread,
          hangedman_abyss_or_decor_stabs, elyvilon_altar_3, uniq_duvessa,
          uniq_blork_the_orc
D:6:      overflow_temple_1_default, kennysheep_mini_moat, temple_fountains,
          gup_sewer_entry_spiral, uniq_crazy_yiuf_cottage

Action                   |  1- 3 |  4- 6 || total
-------------------------+-------+-------++-------
Melee: Unarmed           |     7 |       ||     7
       Dagger            |    25 |     4 ||    29
       Short sword       |       |    68 ||    68
 Cast: Pain              |    78 |    31 ||   109
       Animate Skeleton  |     7 |     1 ||     8
       Vampiric Draining |       |     4 ||     4
  Use: Scroll            |     5 |     3 ||     8
 Stab: Distracted        |       |     2 ||     2
